 Dungeon Crawl Stone Soup version 0.28.0-62-gf88900778d (webtiles) character file.

Game seed: 9801801995334348278

49 Froggeryz the Ruffian (level 3, 0/33 HPs)
             Began as a Ghoul Monk on Jan 19, 2024.
             Slain by an ogre
             ... wielding a +0 giant club
              (10 damage)
             ... on level 2 of the Dungeon.
             The game lasted 00:01:32 (1263 turns).

Froggeryz the Ruffian (Ghoul Monk)                  Turns: 1263, Time: 00:01:32

Health: 0/33       AC:  8    Str: 14    XL:     3   Next: 75%
Magic:  2/2        EV: 10    Int:  5    God:
Gold:   9          SH:  0    Dex: 13    Spells: 2/2 levels left

rFire   . . .      SeeInvis .     - Unarmed
rCold   + . .      Faith    .   (no shield)
rNeg    + + +      Spirit   .   h - +0 scale mail
rPois   ∞          Reflect  .   i - +0 helmet
rElec   .          Harm     .   (no cloak)
rCorr   .          Rampage  .   (no gloves)
Will    .....                   j - +0 pair of boots
Stlth   +.........              (no amulet)
HPRegen 0.00/turn               d - ring of wizardry
MPRegen 0.08/turn               (no ring)

@: inhibited regen
A: claws 1, cold resistance 1, negative energy resistance 3, inhibited
regeneration, torment resistance 2
a: no special abilities


You were on level 2 of the Dungeon.
You visited 1 branch of the dungeon, and saw 2 of its levels.

You collected 9 gold pieces.

Inventory:

Missiles
 a - 5 poisoned darts (quivered)
Armour
 h - a +0 scale mail (worn)
 i - a +0 helmet (worn)
 j - a +0 pair of boots (worn)
Jewellery
 d - a ring of wizardry (left claw)
Scrolls
 b - a scroll of teleportation {unknown}
 e - a scroll of enchant weapon {unknown}
 g - a scroll of identify {unknown}
Potions
 c - a potion of lignification {unknown}
 f - 3 potions of mutation {unknown}


   Skills:
 + Level 3.7 Fighting
 + Level 1.2 Armour
 - Level 2.6 Dodging
 - Level 2.1 Stealth
 * Level 4.3 Unarmed Combat


You had 2 spell levels left.
You didn't know any spells.
Your spell library was empty.

Dungeon Overview and Level Annotations

Branches:
Dungeon (2/15)

Altars:


Innate Abilities, Weirdness & Mutations

You thrive by killing the living.
You are immune to poison.
You have sharp fingernails.
Your flesh is cold resistant. (rC+)
You are immune to negative energy. (rN+++)
You do not regenerate when monsters are visible.
You are immune to unholy pain and torment.


Message History

Throw: 8 darts (poison)
Press: ? - help, Q - select action Shift-Dir - straight line, f - ogre
Aim: an ogre, wielding a +0 giant club (73% to hit)
You throw a poisoned dart. The poisoned dart hits the ogre.
Throw: 7 darts (poison)
Press: ? - help, Q - select action Shift-Dir - straight line, f/p - ogre
Aim: an ogre, wielding a +0 giant club (73% to hit)
You throw a poisoned dart. The poisoned dart hits the ogre.
A goblin comes into view. It is wielding a +0 dagger.
There is an escape hatch in the floor here.
There is a stone staircase leading up here.
The goblin barely misses you.
You climb upwards.
There is a stone staircase leading down here.
You barely miss the goblin. Your claw misses the goblin.
The goblin barely misses you.
You claw the goblin!
You kill the goblin!
No target in view!
No target in view!
Things that are here:
a +0 club; a goblin corpse You see here a +0 dagger of pain.
There is an escape hatch in the floor, spattered with blood here.
You see here a +0 dagger of venom.
You slide downwards.
The hatch slams shut behind you.
Throw: 6 darts (poison)
Press: ? - help, Q - select action Shift-Dir - straight line, f - ogre
Aim: an ogre, wielding a +0 giant club (73% to hit)
You throw a poisoned dart. The poisoned dart hits the ogre.
You scratch the ogre. Your claw misses the ogre.
The ogre is lightly wounded.
The ogre hits you with a +0 giant club!!
Ouch! That really hurt!
You scratch the ogre but do no damage.
The ogre is lightly wounded.
You closely miss the ogre.
The ogre is lightly wounded.
The ogre hits you with a +0 giant club!
You die...

.....................
.#......#..#..(......
....###..............
.#..# ###..<.#####...
.#..# ##......## #.
###..#..# ##.(..#
###O.###
##@..########
###........#
##.#.....# #.......#
###....># #.....#
#...†(# #.....#
#.....#


You could see an ogre.

Vanquished Creatures
  An adder (D:2)
  3 dart slugs (D:1)
  2 giant cockroaches
  5 goblins
  3 jackals (D:1)
  6 ball pythons
  4 bats
  2 frilled lizards (D:1)
  A kobold (D:2)
  6 rats
33 creatures vanquished.

Notes
Turn   | Place    | Note
-------+----------+-------------------------------------------
     0 | D:1      | Froggeryz the Ghoul Monk began the quest for the Orb.
     0 | D:1      | Reached XP level 1. HP: 19/19 MP: 0/0
   325 | D:1      | Reached XP level 2. HP: 22/26 MP: 1/1
   579 | D:1      | Reached XP level 3. HP: 27/31 MP: 2/2
   593 | D:1      | Reached skill level 4 in Unarmed Combat
   631 | D:1      | Reached skill level 1 in Armour
  1207 | D:2      | Noticed an ogre
  1263 | D:2      | Slain by an ogre

Illustrated notes

Levels and vault maps discovered:
D:1:      nicolae_arrival_memento_mori, layout_basic, dk_noncrumbling_4
D:2:      layout_rooms, dreamdust_ecumenical_altar_angels_and_demons,
          uniq_crazy_yiuf_cottage

Skill      XL: |  1  2  3 |
---------------+----------+-----
Unarmed Combat | 4 |  4.3
Armour         | 1 |  1.2
Fighting       | |  3.7
Dodging        | |  2.6
Stealth        | |  2.1

Action                   || total
-------------------------++-------
Melee: Unarmed           ||    90
       Punch             ||     1
Throw: Dart              ||     3
 Stab: Sleeping          ||     2
Armor: Robe              ||     9
       Scale mail        ||     8
Dodge: Dodged            ||    63
